 Dungeon Crawl Stone Soup version 0.24-a0-762-gca426f56c8 (webtiles) character file.

Game seed: 4502445570312112923, levelgen mode: deterministic

8642 Freitmort the Thaumaturge (level 11, -12/57 HPs)
             Began as a Deep Elf Fire Elementalist on Oct 1, 2019.
             Was a Believer of Vehumet.
             Mangled by Snorg (19 damage)
             ... on level 10 of the Dungeon on Oct 3, 2019.
             The game lasted 01:27:07 (15333 turns).

Freitmort the Thaumaturge (DEFE)                   Turns: 15333, Time: 01:27:08

Health: -12/57     AC:  5    Str: 11    XL:     11   Next: 12%
Magic:  11/28      EV: 14    Int: 22    God:    Vehumet [**....]
Gold:   471        SH:  0    Dex: 15    Spells: 11/33 levels left

rFire    . . .     SeeInvis .   e - +1 short sword (venom)
rCold    . . .     Gourm    .   (no shield)
rNeg     + . .     Faith    .   a - +0 robe
rPois    .         Spirit   .   h - +0 hat
rElec    .         Reflect  .   q - +0 cloak
rCorr    .         Harm     .   i - +0 pair of gloves
MR       +....                  u - +0 pair of boots
Stlth    +++.......             (no amulet)
HPRegen  0.19/turn              d - ring of positive energy
MPRegen  0.21/turn              m - +4 ring of strength

@: no status effects
A: no striking features
a: Renounce Religion


You were on level 10 of the Dungeon.
You worshipped Vehumet.
Vehumet was pleased with you.
You were very hungry.

You visited 2 branches of the dungeon, and saw 11 of its levels.

You collected 543 gold pieces.
You spent 72 gold pieces at shops.

Inventory:

Hand Weapons
 e - a +1 short sword of venom (weapon)
 A - a +4 dagger of freezing
Missiles
 p - 18 poisoned darts (quivered)
Armour
 a - a +0 robe (worn)
 h - a +0 hat (worn)
 i - a +0 pair of gloves (worn)
 q - a +0 cloak (worn)
 u - a +0 pair of boots (worn)
Jewellery
 d - a ring of positive energy (left hand)
 l - a +3 ring of strength
 m - a +4 ring of strength (right hand)
Wands
 o - a wand of iceblast (8)
 r - a wand of digging (3)
 t - a wand of polymorph (22)
 y - a wand of enslavement (6)
Scrolls
 f - 6 scrolls of remove curse
 g - 8 scrolls of identify
 v - a scroll of fog
 w - a scroll of fear
 x - a scroll of magic mapping
Potions
 b - a potion of curing
 j - 7 potions of might
 k - a potion of invisibility
 n - 3 potions of heal wounds
 s - a potion of flight
Comestibles
 c - 21 rations


   Skills:
 + Level 1.6 Fighting
 + Level 0.6 Short Blades
 + Level 3.7 Dodging
 + Level 4.3 Stealth
 + Level 11.5 Spellcasting
 + Level 9.6 Conjurations
 + Level 9.3 Fire Magic
 * Level 5.1 Air Magic
 + Level 5.2 Poison Magic
 * Level 3.7 Evocations


You had 11 spell levels left.
You knew the following spells:

 Your Spells              Type           Power        Failure   Level  Hunger
a - Flame Tongue          Conj/Fire      #####        1%          1    None
b - Throw Flame           Conj/Fire      ######       1%          2    None
c - Conjure Flame         Conj/Fire      ######..     1%          3    None
d - Sticky Flame          Conj/Fire      ######..     1%          4    None
e - Fireball              Conj/Fire      ######....   3%          5    ####...
f - Magic Dart            Conj           ####         1%          1    None
g - Mephitic Cloud        Conj/Pois/Air  #####...     1%          3    None
h - Sting                 Conj/Pois      ####         1%          1    None
i - Searing Ray           Conj           ######       1%          2    None

Your spell library contained the following spells:

 Spells                   Type           Power        Failure   Level  Hunger
 Inner Flame              Hex/Fire       ####....     2%          3    None
 Blink                    Tloc           N/A          8%          2    None
 Call Imp                 Summ           ##......     8%          2    None
 Slow                     Hex            ##......     8%          2    None


Dungeon Overview and Level Annotations

Branches:
Dungeon (10/15)            Temple (1/1) D:5
   Lair: D:8-11         Orc: D:9-12

Altars:
Ashenzari
Cheibriados
Dithmenos
Elyvilon
Fedhas
Gozag
Hepliaklqana
Kikubaaqudgha
Makhleb
Nemelex Xobeh
Okawaru
Qazlal
Ru
Sif Muna
Trog
Uskayaw
Vehumet
Wu Jian
Xom
Yredelemnul
Zin
The Shining One
Beogh

Shops:
D:4 !   D:8 =

Annotations:
D:3 3 runed translucent doors, Kohma's ghost, amateur HOAK
D:8 3 runed translucent doors, Elizilla's ghost, novice TrMo; SnubMonkey's ghost, novice TeVM; Susanna's ghost, novice GrGl; losten's ghost, novice DsBe
D:10 Snorg


Message History

Casting: Fireball (safe; 3% risk of failure)
Confirm with . or Enter, or press ? or * to list all spells.
Aiming: Sticky Flame (safe; 1% risk of failure)
Press: ? - help, Shift-Dir - straight line, f/p - Snorg
Aim: Snorg (severely wounded)
The sticky flame hits Snorg!
Snorg is severely wounded.
Snorg is covered in liquid flames!
Snorg burns!
Snorg goes berserk!
Snorg burns!
Snorg closely misses you. Snorg claws you! Snorg claws you.
You hear an angry buzzing noise.
Snorg burns!
Snorg burns!
Snorg bites you!! Snorg misses you. Snorg closely misses you.
Snorg barely misses you. Snorg claws you. Snorg claws you!
* * * LOW HITPOINT WARNING * * *
There is an open door, spattered with blood here.
Snorg burns!
Snorg burns!
Snorg misses you. Snorg claws you.
* * * LOW HITPOINT WARNING * * *
Snorg claws you!!
You die...

##..# #........
##'#### #...#####
#.....#######.?......
#.....'........######
#.[...#######.##
#.....# #.# #.....#
#.# #.....# #.#
#...@.# #.# #...T.#
#.# ####'## #.#
#....# #'#### ....
#..... #.>....
#......#


You could see Snorg (berserk).

Vanquished Creatures
  Erolcha (D:10)
  Erica (D:10)
  A centaur skeleton (D:8)
  A queen bee (D:9)
  A troll (D:10)
  2 hippogriffs
  Sigmund (D:4)
  5 yaks
  A basilisk (D:10)
  A hungry ghost (D:9)
  7 orc warriors
  A black bear (D:8)
  3 ogres
  2 sky beasts
  2 phantoms
  2 centaurs
  A crocodile (D:10)
  Blork the orc (D:6)
  7 bullfrogs
  2 scorpions
  8 wights
  22 killer bees
  2 electric eels (D:10)
  3 crimson imps
  A bullfrog zombie (D:5)
  6 orc priests
  A gnoll shaman (D:8)
  5 hounds
  A bullfrog skeleton (D:9)
  A jelly (D:7)
  6 iguanas
  5 orc wizards
  8 worker ants
  2 killer bee zombies
  A hound skeleton (D:9)
  A mummy (D:4)
  A howler monkey zombie (D:5)
  19 gnolls
  11 adders
  2 adder zombies
  An adder skeleton (D:6)
  3 worms
  7 leopard geckos
  25 orcs
  4 ball pythons
  6 bats
  9 giant cockroaches
  6 goblins
  6 hobgoblins
  5 jackals
  3 quokkas
  8 frilled lizards
  6 kobolds
  2 kobold zombies (D:4)
  2 orc zombies (D:4)
  A quokka skeleton (D:4)
  6 rats
249 creatures vanquished.

Vanquished Creatures (others)
  A plant (D:10)
1 creature vanquished.

Grand Total: 250 creatures vanquished

Notes
Turn   | Place    | Note
-------+----------+-------------------------------------------
     0 | D:1      | Freitmort the Deep Elf Fire Elementalist began the quest
                  | for the Orb.
     0 | D:1      | Reached XP level 1. HP: 10/10 MP: 6/6
   353 | D:1      | Reached XP level 2. HP: 14/15 MP: 4/8
   484 | D:1      | Learned a level 2 spell: Throw Flame
   859 | D:2      | Found a shadowy altar of Dithmenos.
   964 | D:2      | Reached XP level 3. HP: 19/19 MP: 0/9
  1315 | D:2      | Found a shimmering blue altar of Sif Muna.
  1560 | D:2      | You fall into a shaft and drop 1 floor!
  1596 | D:3      | Found a runed translucent gate.
  1596 | D:3      | Found a runed translucent gate.
  1596 | D:3      | Noticed Kohma's ghost (amateur HOAK)
  1597 | D:3      | Found a runed translucent gate.
  1618 | D:3      | Found a roughly hewn altar of Beogh.
  2056 | D:3      | Reached XP level 4. HP: 9/24 MP: 2/11
  2243 | D:3      | Noticed an ogre
  2404 | D:3      | Learned a level 3 spell: Conjure Flame
  2409 | D:3      | Learned a level 4 spell: Sticky Flame
  2786 | D:3      | Reached skill level 4 in Spellcasting
  2878 | D:3      | Reached XP level 5. HP: 28/28 MP: 9/13
  3764 | D:4      | Found Uplus's Distillery.
  3768 | D:4      | Reached XP level 6. HP: 33/33 MP: 6/15
  3879 | D:4      | Bought a potion of degeneration for 12 gold pieces
  3879 | D:4      | Bought a potion of heal wounds for 60 gold pieces
  4007 | D:4      | Noticed Sigmund
  4011 | D:4      | Killed Sigmund
  4011 | D:4      | Reached skill level 5 in Spellcasting
  4011 | D:4      | Reached skill level 5 in Fire Magic
  4543 | D:4      | Noticed a sky beast
  4550 | D:4      | Killed a sky beast
  4550 | D:4      | Reached XP level 7. HP: 37/37 MP: 10/17
  4759 | D:4      | Learned a level 5 spell: Fireball
  4787 | D:5      | Entered Level 5 of the Dungeon
  4927 | D:5      | Reached skill level 6 in Spellcasting
  4927 | D:5      | Reached skill level 5 in Conjurations
  5152 | D:5      | Found a staircase to the Ecumenical Temple.
  5172 | Temple   | Entered the Ecumenical Temple
  5550 | D:5      | Found a hazy altar of Hepliaklqana.
  5550 | D:5      | Found a stormy altar of Qazlal.
  5551 | D:5      | Found a shattered altar of Ashenzari.
  5552 | D:5      | Found a glowing silver altar of Zin.
  5552 | D:5      | Found an ornate altar of the Wu Jian Council.
  5552 | D:5      | Found a shimmering altar of Xom.
  5884 | D:6      | Upgraded the game from 0.24-a0-725-gf1a930fc54 to
                  | 0.24-a0-736-g4e6fe308c7
  6041 | D:6      | Noticed Blork the orc
  6048 | D:6      | Killed Blork the orc
  6240 | D:6      | Found a hide-covered altar of Uskayaw.
  6246 | D:6      | Reached skill level 7 in Spellcasting
  6314 | D:6      | Reached XP level 8. HP: 42/42 MP: 16/20
  6359 | D:6      | Found a sacrificial altar of Ru.
  6359 | D:6      | Found a hide-covered altar of Uskayaw.
  7392 | D:7      | Reached skill level 8 in Spellcasting
  7560 | D:7      | Learned a level 1 spell: Magic Dart
  7564 | D:7      | Learned a level 3 spell: Mephitic Cloud
  7601 | D:7      | Noticed a hippogriff
  7609 | D:7      | Killed a hippogriff
  7724 | D:7      | Reached skill level 1 in Air Magic
  7724 | D:7      | Reached skill level 1 in Poison Magic
  7724 | D:7      | Reached skill level 1 in Evocations
  8196 | D:7      | Reached XP level 9. HP: 34/46 MP: 11/23
  8415 | D:7      | Reached skill level 9 in Spellcasting
  9043 | D:7      | Found a burning altar of Makhleb.
  9044 | D:7      | Found a radiant altar of Vehumet.
  9057 | D:7      | Became a worshipper of Vehumet
  9276 | D:8      | Found Ikitsoeg's Jewellery Shop.
  9901 | D:8      | Found a runed translucent gate.
  9901 | D:8      | Found a runed translucent gate.
  9901 | D:8      | Noticed Elizilla's ghost (novice TrMo)
  9901 | D:8      | Noticed SnubMonkey's ghost (novice TeVM)
  9902 | D:8      | Found a runed translucent gate.
  9902 | D:8      | Noticed losten's ghost (novice DsBe)
  9902 | D:8      | Noticed Susanna's ghost (novice GrGl)
  9951 | D:8      | Found a basalt altar of Yredelemnul.
  9964 | D:8      | Reached skill level 10 in Spellcasting
 10142 | D:8      | Found a bloodstained altar of Trog.
 10743 | D:9      | Reached skill level 1 in Fighting
 11154 | D:9      | Reached XP level 10. HP: 43/52 MP: 14/26
 11228 | D:9      | Reached * piety under Vehumet
 11228 | D:9      | Offered knowledge of Sting by Vehumet.
 11352 | D:9      | Upgraded the game from 0.24-a0-736-g4e6fe308c7 to
                  | 0.24-a0-762-gca426f56c8
 11354 | D:9      | Learned a level 1 spell: Sting
 12080 | D:10     | Entered Level 10 of the Dungeon
 13259 | D:10     | Offered knowledge of Searing Ray by Vehumet.
 13299 | D:10     | Learned a level 2 spell: Searing Ray
 13532 | D:10     | Reached ** piety under Vehumet
 13546 | D:10     | Reached skill level 11 in Spellcasting
 13546 | D:10     | Reached skill level 5 in Poison Magic
 13768 | D:10     | Noticed Erica
 13984 | D:10     | Killed Erica
 14556 | D:10     | Reached XP level 11. HP: 57/57 MP: 17/28
 14664 | D:10     | HP: 2/57 [poisoned by a killer bee]
 14964 | D:10     | Noticed Erolcha
 14968 | D:10     | Killed Erolcha
 14968 | D:10     | Reached skill level 5 in Air Magic
 15292 | D:10     | Noticed Snorg
 15333 | D:10     | Mangled by Snorg

Levels and vault maps discovered:
D:1:      dpeg_arrival_rooms_a, layout_basic
D:2:      layout_basic, lemuel_crystal_altar,
          nicolae_dithmenos_through_a_glass_darkly
D:3:      layout_loops_ring, biasface_ghost_orc_armoury
D:4:      layout_gridville, serial_shops, nicolae_shop_statue_plus,
          first_ration, minmay_mini_ossuary, uniq_sigmund
D:5:      layout_basic, grunt_temple_overflow_open,
          minmay_temple_entry_drinking_statues
D:6:      layout_gridville, gammafunk_temple_overflow_elements, basic_altar,
          uniq_blork_the_orc
D:7:      layout_basic, grunt_temple_overflow_lords_of_destruction
D:8:      layout_loops_ring, old_standard_altar, gammafunk_ghost_cemetery,
          serial_shops, nicolae_shop_crystal, bloody_trog
D:9:      layout_cave_pools, david_nohive_1
D:10:     layout_roguey [special_room_bee], erik_orc_2, minmay_lizard_king,
          uniq_erolcha, uniq_snorg, uniq_erica
Temple:   jpeg_temple_island

Skill      XL: |  1  2  3  4  5  6  7  8  9 10 11 |
---------------+----------------------------------+-----
Stealth        | 3 4 |  4.3
Fire Magic     | 4 5 6 7 8 9 |  9.3
Conjurations   | 2 3 4 5 6 8 9 |  9.6
Spellcasting   | 4 5 7 8 10 11 | 11.5
Air Magic      | 1 3 4 5 |  5.1
Poison Magic   | 1 3 5 |  5.2
Evocations     | 2 3 |  3.7
Dodging        | 3 |  3.7
Fighting       | 1 |  1.6
Short Blades   | |  0.6

Action                   |  1- 3 |  4- 6 |  7- 9 | 10-12 || total
-------------------------+-------+-------+-------+-------++-------
Melee: Short sword       |       |    14 |    10 |       ||    24
 Cast: Flame Tongue      |    48 |    57 |    86 |    25 ||   216
       Throw Flame       |    26 |    37 |   158 |    97 ||   318
       Sticky Flame      |       |     1 |    31 |    19 ||    51
       Fireball          |       |       |     3 |    29 ||    32
       Mephitic Cloud    |       |       |     1 |     1 ||     2
       Magic Dart        |       |       |    11 |     4 ||    15
       Conjure Flame     |       |       |     1 |     1 ||     2
       Searing Ray       |       |       |       |     2 ||     2
       Sting             |       |       |       |     1 ||     1
  Use: Scroll            |     8 |     5 |     4 |     1 ||    18
       Potion            |       |     1 |     1 |     5 ||     7
  Eat: Chunk             |     4 |     8 |    20 |     3 ||    35
       Ration            |       |       |     1 |     4 ||     5
Armor: Robe              |     1 |     1 |    16 |     8 ||    26
Dodge: Dodged            |     5 |    18 |    62 |    52 ||   137

Table legend:
 A = Non-vault XP
 B = Vault XP
 C = Vault XP percentage of total XP
 D = Non-vault monster count
 E = Vault monster count
 F = Vault count percentage of total count
                 A         B        C        D         E       F
            +---------+---------+-------+---------+---------+-------
      Total |    7345 |    5002 |  40.5 |     196 |      53 |  21.3
            +---------+---------+-------+---------+---------+-------
        D:1 |      18 |       0 |   0.0 |       9 |       0 |   0.0
        D:2 |      59 |       0 |   0.0 |      18 |       0 |   0.0
        D:3 |     161 |       0 |   0.0 |      32 |       0 |   0.0
        D:4 |     334 |     230 |  40.8 |      17 |       6 |  26.1
        D:5 |     391 |       0 |   0.0 |      11 |       0 |   0.0
        D:6 |     635 |     100 |  13.6 |      23 |       1 |   4.2
        D:7 |    1436 |      48 |   3.2 |      30 |       1 |   3.2
        D:8 |    1073 |       0 |   0.0 |      19 |       0 |   0.0
        D:9 |    1507 |    1324 |  46.8 |      19 |      17 |  47.2
       D:10 |    1731 |    3300 |  65.6 |      18 |      28 |  60.9
            +---------+---------+-------+---------+---------+-------
